 Dungeon Crawl Stone Soup version 0.30.1-4-g462c640d31 (webtiles) character file.

Game seed: 1316922558177090648

25 mortz the Firebug (level 2, 0/20 HPs)
             Began as a Draconian Fire Elementalist on Sept 9, 2023.
             Succumbed to an adder's poison
             ... on level 2 of the Dungeon.
             The game lasted 00:05:13 (820 turns).

mortz the Firebug (Draconian Fire Elementalist)      Turns: 820, Time: 00:05:13

Health: 0/20       AC:  4    Str: 10    XL:     2   Next: 86%
Magic:  5/5        EV: 12    Int: 15    God:
Gold:   39         SH:  0    Dex: 11    Spells: 2/5 levels left

rFire   . . .        e - +0 dagger
rCold   . . .        (no shield)
rNeg    . . .        (body armour unavailable)
rPois   .            (helmet restricted)
rElec   .            (no cloak)
rCorr   .            (no gloves)
SInv    .            (no boots)
Will    .....        (no amulet)
Stlth   ++           (no ring)
HPRegen 0.23/turn    (no ring)
MPRegen 0.09/turn

%: no passive effects
@: lethally poisoned (0 -> -1), invisible
A: AC +4, unfitting armour, cold-blooded
a: no special abilities


You were on level 2 of the Dungeon.
You visited 1 branch of the dungeon, and saw 2 of its levels.

You collected 39 gold pieces.

Inventory:

Hand Weapons
 e - a +0 dagger (weapon)
Missiles
 c - 4 poisoned darts
Jewellery
 i - a ring of fire
Scrolls
 d - a scroll of immolation {unknown}
 f - a scroll of blinking
 h - a scroll of enchant weapon {unknown}
 j - a scroll of identify {unknown}
Potions
 g - a potion of invisibility


   Skills:
 + Level 1.8 Dodging
 + Level 2.0 Stealth
 + Level 2.3 Spellcasting
 + Level 1.2 Conjurations
 + Level 3.6 Fire Magic


You had 2 spell levels left.
You knew the following spells:

 Your Spells              Type           Power      Damage    Failure   Level
a - Foxfire               Conj/Fire      36%        2x1d5     8%          1
b - Scorch                Fire           24%        2d6       8%          2

Your spell library contained the following spells:

 Spells                   Type           Power      Damage    Failure   Level
 Cigotuvi's Dreadful Rot  Necr/Pois/Air  2%         N/A       32%         2
 Inner Flame              Hex/Fire       7%         N/A       30%         3
 Volatile Blastmotes      Fire/Tloc      14%        2d11      30%         3
 Flame Wave               Conj/Fire      9%         2d6       61%         4
 Dispel Undead            Necr           1%         3d6       91%         4
 Death Channel            Necr           0%         N/A       100%        6


Dungeon Overview and Level Annotations

Branches:
Dungeon (2/15)

Altars:


Innate Abilities, Weirdness & Mutations

Your plain brown scales are hard. (AC +4)
You cannot fit into any form of body armour.
You are cold-blooded and may be slowed by cold attacks.


Message History

You feel sick.
The foxfire hits the adder.
The adder is severely wounded.
The foxfire hits the quokka but does no damage.
The adder attacks as you move away! The adder barely misses you.
You feel sick. The adder attacks as you move away! The adder misses you.
You feel sick.
You are no longer poisoned.
The adder bites you.
Your magical contamination has completely faded away.
The adder attacks as you move away! The adder bites you.
You are poisoned.
The adder poisons you!
You feel sick. The adder attacks as you move away! The adder barely misses you.
You feel sick. Magic courses through your body.
You feel sick. The adder bites you but does no damage.
The quokka twitches its whiskers.
The adder bites you.
* * * LOW HITPOINT WARNING * * *
You are lethally poisoned!
The adder poisons you!
You are too injured to fight recklessly!
It was a potion of invisibility.
You fade into invisibility!
* * * LOW HITPOINT WARNING * * *
You feel sick. The adder barely misses you.
* * * LOW HITPOINT WARNING * * *
You feel sick.
Blink to where?
Press: ? - help, Dir - move target
As you read the scroll labelled SAYDAY GOSCHUV, it crumbles to dust.
It was a scroll of blinking.
* * * LOW HITPOINT WARNING * * *
You feel sick.
* * * LOW HITPOINT WARNING * * *
You feel sick.
* * * LOW HITPOINT WARNING * * *
You feel sick.
As you read the scroll labelled LANISOOSIU, it crumbles to dust.
You hear a loud clanging noise!
It was a scroll of noise.
You die...

##..#.##.
##...##.
##..##.####
#..##....#
##........
#.###.#.#
#.....#
##..#.#
##@#.#
#.#.# #.#.#
#.#.# #.#.#
#...# ###
##
#S###.#..
... #.#
#.#.# #.##
#.# #.#.#
#...#


You could see an adder (unable to see you).

Vanquished Creatures
  An adder (D:2)
  A dart slug (D:1)
  An orc (D:2)
  A goblin (D:1)
  2 hobgoblins (D:1)
  A quokka (D:1)
  A bat (D:1)
  3 frilled lizards (D:1)
  A kobold (D:1)
  4 rats
16 creatures vanquished.

Vanquished Creatures (others)
  40 foxfires
40 creatures vanquished.

Grand Total: 56 creatures vanquished

Notes
Turn   | Place    | Note
-------+----------+-------------------------------------------
     0 | D:1      | mortz the Draconian Fire Elementalist began the quest for
                  | the Orb.
     0 | D:1      | Reached XP level 1. HP: 14/14 MP: 3/3
   214 | D:1      | Reached XP level 2. HP: 20/20 MP: 1/5
   277 | D:1      | Found a faded altar of an unknown god.
   644 | D:2      | Identified the +0 leather armour of Elitism {rC+ rN+
                  | Regen+}
   664 | D:2      | Learned a level 2 spell: Scorch
   819 | D:2      | HP: 1/20 [poisoned by an adder]
   820 | D:2      | Succumbed to an adder's poison

Illustrated notes

Levels and vault maps discovered:
D:1:      dpeg_arrival_shrine, layout_rooms,
          hellmonk_ecumenical_altar_inner_sanctum
D:2:      kb_forest_paths, layout_basic, minmay_nonomino_d4

Skill      XL: |  1  2 |
---------------+-------+-----
Stealth        | 2 |  2.0
Dodging        | |  1.8
Spellcasting   | |  2.3
Conjurations   | |  1.2
Fire Magic     | |  3.6

Action                     || total
---------------------------++-------
  Melee: Unarmed           ||     2
   Cast: Foxfire           ||    23
         Scorch            ||     1
    Use: Scroll            ||     2
         Potion            ||     2
 Armour: Skin              ||     4
  Dodge: Dodged            ||     5
